 Dungeon Crawl Stone Soup version 0.26-a0-642-g67e99244d3 (webtiles) character file.

Game seed: 7195883143425242034

19 Descartes the Sneak (level 2, -2/13 HPs)
             Began as a Spriggan Enchanter on Sept 21, 2020.
             Slain by an orc wizard
             ... wielding a +0 dagger
              (6 damage)
             ... on level 3 of the Dungeon.
             The game lasted 00:02:14 (1278 turns).

Descartes the Sneak (Spriggan Enchanter)            Turns: 1278, Time: 00:02:14

Health: -2/13      AC:  2    Str:  4    XL:     2   Next: 55%
Magic:  6/6        EV: 19    Int: 16    God:
Gold:   29         SH:  0    Dex: 16    Spells: 5/6 levels left

rFire    . . .     SeeInvis +   a - +1 dagger
rCold    . . .     Faith    .   (shield restricted)
rNeg     . . .     Spirit   .   b - +0 robe
rPois    .         Reflect  .   (helmet restricted)
rElec    .         Harm     .   (no cloak)
rCorr    .         Rampage  .   (gloves unavailable)
MR       .....                  (boots unavailable)
Stlth    +++.......             (no amulet)
HPRegen  0.04/turn              (no ring)
MPRegen  0.10/turn              (no ring)

@: very quick
A: very small, unfitting armour, see invisible, speed 3
a: no special abilities


You were on level 3 of the Dungeon.
You visited 1 branch of the dungeon, and saw 3 of its levels.

You collected 29 gold pieces.

Inventory:

Hand Weapons
 a - a +1 dagger (weapon)
Armour
 b - a +0 robe (worn)
Scrolls
 d - 3 scrolls of identify {unknown}
 e - 2 scrolls of random uselessness {unknown}
 f - a scroll of teleportation {unknown}
 g - a scroll of immolation {unknown}
Potions
 c - a potion of stabbing {unknown}


   Skills:
 + Level 1.6 Short Blades
 + Level 3.4 Dodging
 * Level 5.3 Stealth
 - Level 2.6 Spellcasting
 - Level 3.6 Hexes


You had 5 spell levels left.
You knew the following spells:

 Your Spells              Type           Power        Failure   Level
a - Corona                Hex            ##.....      4%          1

Your spell library contained the following spells:

 Spells                   Type           Power        Failure   Level
 Confusing Touch          Hex            ##......     13%         3
 Tukima's Dance           Hex            ##......     13%         3
 Ensorcelled Hibernation  Hex/Ice        #.....       14%         2
 Dazzling Flash           Conj/Hex       #.....       28%         3


Dungeon Overview and Level Annotations

Branches:
Dungeon (3/15)

Altars:

Annotations:
D:3 Ijyb


Innate Abilities, Weirdness & Mutations

You are very small and have problems with some larger weapons.
You are too small for most types of armour.
You have supernaturally acute eyesight. (SInv)
You cover ground extremely quickly.


Message History

The goblin is moderately wounded.
The goblin hits you with a +0 club.
You barely miss the goblin.
The goblin is moderately wounded.
You hit the goblin.
You kill the goblin!
You closely miss the orc wizard.
The orc wizard is lightly wounded.
The orc wizard completely misses you.
You closely miss the orc wizard.
The orc wizard is lightly wounded.
The orc wizard hits you with a +0 dagger!
Ouch! That really hurt!
You hit the orc wizard but do no damage.
The orc wizard is lightly wounded.
The orc wizard barely misses you.
You closely miss the orc wizard.
The orc wizard is lightly wounded.
The orc wizard hits you with a +0 dagger.
You die...

########
......h#####
#.wKho@#
#oo###.#
#....#.#
#...wo..#.#
####.#o.#.#
#. .o#.# #.
o.#.# #.
.o#.#
#.#..#.#


You could see a worm, an orc wizard, 2 orcs, 2 jackals and a kobold.

Vanquished Creatures
  A dart slug (D:1)
  A leopard gecko (D:1)
  A giant cockroach (D:1)
  3 goblins
  A hobgoblin (D:1)
  2 bats (D:1)
  4 frilled lizards
  2 kobolds (D:1)
  2 rats (D:1)
17 creatures vanquished.

Notes
Turn   | Place    | Note
-------+----------+-------------------------------------------
     0 | D:1      | Descartes the Spriggan Enchanter began the quest for the
                  | Orb.
     0 | D:1      | Reached XP level 1. HP: 9/9 MP: 5/5
   514 | D:1      | Reached skill level 5 in Stealth
   514 | D:1      | Reached XP level 2. HP: 9/13 MP: 6/6
  1239 | D:2      | You fall into a shaft and drop 1 floor!
  1244 | D:3      | Noticed Ijyb
  1278 | D:3      | Slain by an orc wizard

Illustrated notes

Levels and vault maps discovered:
D:1:      tarquinn_simple_flora_water_c, layout_loops_cross,
          corexii_leaking_fountain, minmay_indecisive_spiral
D:2:      layout_basic, nicolae_overflow_crystal_walls,
          kennysheep_okawaru_gauntlet
D:3:      layout_basic, vehumet_crystals, overflow_temple_1_default,
          uniq_grinder, uniq_ijyb

Skill      XL: |  1 |
---------------+----+-----
Stealth        | 5 |  5.3
Short Blades   | |  1.6
Dodging        | |  3.4
Spellcasting   | |  2.6
Hexes          | |  3.6

Action                   || total
-------------------------++-------
Melee: Dagger            ||    98
 Stab: Sleeping          ||     5
       Distracted        ||     1
Armor: Robe              ||     5
Dodge: Dodged            ||    72

Table legend: (Time is in decaauts)
 A = Elapsed time spent in this place.
 B = Non-inter-level travel time spent in this place.
 C = Inter-level travel time spent in this place.
 D = Time resting spent in this place.
 E = Time spent auto-exploring this place.
 F = Levels seen in this place.
 G = Mean time per level.
                   A        B        C        D        E       F      G
               +--------+--------+--------+--------+--------+-----+--------+
         Total |   1012 |    991 |     21 |    201 |    599 |   3 |  337.3 |
       Dungeon |   1012 |    991 |     21 |    201 |    599 |   3 |  337.3 |
               +--------+--------+--------+--------+--------+-----+--------+

Top non-repeatable levels by time:
     D:1: 795 daAuts
     D:2: 191 daAuts
     D:3: 25 daAuts
